 Dungeon Crawl Stone Soup version 0.27-a0-1287-gca74d27db6 (webtiles) character file.

Game seed: 6340231536458114889

264 bjtr the Conjurer (level 6, -7/35 HPs)
             Began as a Gargoyle Conjurer on June 15, 2021.
             Engulfed by a cloud of flame (13 damage)
             ... on level 3 of the Dungeon.
             The game lasted 00:11:46 (3965 turns).

bjtr the Conjurer (Gargoyle Conjurer)               Turns: 3965, Time: 00:11:47

Health: -7/35      AC:  7    Str: 10    XL:     6   Next: 19%
Magic:  6/10       EV: 11    Int: 21    God:
Gold:   104        SH:  3    Dex:  8    Spells: 7/10 levels left

rFire    . . .     SeeInvis .   d - +0 mace
rCold    . . .     Faith    .   j - +0 buckler
rNeg     + . .     Spirit   .   g - +0 leather armour
rPois    ∞         Reflect  .   (no helmet)
rElec    +         Harm     .   (no cloak)
rCorr    .         Rampage  .   (no gloves)
Will     .....                  (no boots)
Stlth    ++........             (no amulet)
HPRegen  0.11/turn              (no ring)
MPRegen  0.12/turn              (no ring)

@: weak-willed, hasted (expiring), very quick
A: sickness immunity, AC +4, negative energy resistance 1, electricity
resistance, torment resistance 1, petrification resistance
a: no special abilities


You were on level 3 of the Dungeon.
You visited 1 branch of the dungeon, and saw 4 of its levels.

You collected 104 gold pieces.

Inventory:

Hand Weapons
 d - a +0 mace (weapon)
 k - a +0 hand axe
 l - a +0 short sword
Missiles
 e - 11 boomerangs
 p - 19 poisoned darts
Armour
 a - a +0 robe
 g - a +0 leather armour (worn)
 j - a +0 buckler (worn)
Jewellery
 q - a +4 ring of evasion
Potions
 f - 2 potions of haste
 h - a potion of brilliance {unknown}
 i - a potion of lignification {unknown}
 m - a potion of berserk rage {unknown}


   Skills:
 * Level 1.6 Fighting
 * Level 2.6 Armour
 * Level 2.5 Dodging
 + Level 2.9 Stealth
 * Level 1.6 Shields
 * Level 2.7 Spellcasting
 * Level 5.4 Conjurations


You had 7 spell levels left.
You knew the following spells:

 Your Spells              Type           Power      Damage    Failure   Level
a - Magic Dart            Conj           100%       1d8       2%          1
b - Searing Ray           Conj           50%        3d5       4%          2

Your spell library contained the following spells:

 Spells                   Type           Power      Damage    Failure   Level
 Dazzling Flash           Conj/Hex       28%        N/A       24%         3
 Fulminant Prism          Conj/Hex       7%         3d7       63%         4
 Iskenderun's Mystic Bla  Conj/Tloc      14%        2d5       63%         4
 Summon Lightning Spire   Summ/Air       2%         N/A       94%         4
 Silence                  Hex/Air        1%         N/A       100%        5
 Conjure Ball Lightning   Conj/Air       7%         3x3d6     100%        6
 Storm Form               Tmut/Air       1%         N/A       100%        7


Dungeon Overview and Level Annotations

Branches:
Dungeon (4/15)
 Temple: D:4-7

Altars:


Innate Abilities, Weirdness & Mutations

You are immune to sickness and miasma.
Your stone body is resilient. (AC +4)
You are immune to poison.
You resist negative energy. (rN+)
You are resistant to electric shocks. (rElec)
You are resistant to unholy torment.
You are immune to petrification.


Message History

Confirm with . or Enter, or press ? or * to list all spells.
Okay, then.
Unknown command.
Unknown command.
As you read the scroll labelled YNOASOPU SEORI, it crumbles to dust.
Magic quickly surges around you.
It was a scroll of vulnerability.
Something hits you. The orc barely misses you.
As you read the scroll labelled QATEIB TIHESH, it crumbles to dust.
Wisps of shadow whirl around you...
It was a scroll of summoning.
Something hits you but does no damage. The orc barely misses you.
Unknown command.
Your shield and leather armour prevent you from hitting something.
Your jackal closely misses something.
Something hits you. The orc hits you with a +0 mace.
Your ball python bites something.
Flame seeps out of something.
Your frilled lizard bites the orc but does no damage.
Unknown command.
It was a potion of haste.
You feel yourself speed up.
Your jackal completely misses something.
Reactivating autopickup.
You feel a bit more experienced.
The orc wizard explodes!
The fiery explosion engulfs your jackal!!!
You kill your jackal!
Your jackal's corpse dissolves into shadows!
The fiery explosion engulfs your ball python!!
You kill your ball python!
Your ball python's corpse dissolves into shadows!
The fiery explosion engulfs you!
* * * LOW HITPOINT WARNING * * *
The orc closely misses you.
Your frilled lizard bites the orc but does no damage.
Unknown command.
Unknown command.
Unknown command.
Unknown command.
It was a potion of cancellation.
Your magical effects are unravelling.
You feel magically purged.
You are engulfed in blazing flames.
You die...

##.#..##.#
##.##
#.....##.#
....
#..#####.#
#.##.
#........#
#.# #
#)########
#.. #)# #.
#)# # #)#
#h####.#.#.
#[#
#§°@ol..>..
..#
###########
### .. #.#
#.# ##.####
.....#


You could see an orc (inner flame, weak-willed, ally target), a friendly jackal
(summoned) and a friendly frilled lizard (summoned).

Vanquished Creatures
  A hound (D:3)
  Jessica (D:3)
  2 orc wizards
  4 gnolls (D:3)
  4 adders
  3 worms
  2 dart slugs
  7 orcs
  6 ball pythons
  3 endoplasms
  A giant cockroach (D:2)
  5 goblins
  4 hobgoblins
  11 jackals
  2 quokkas
  4 bats
  3 frilled lizards
  4 kobolds
  4 rats
71 creatures vanquished.

Notes
Turn   | Place    | Note
-------+----------+-------------------------------------------
     0 | D:1      | bjtr the Gargoyle Conjurer began the quest for the Orb.
     0 | D:1      | Reached XP level 1. HP: 10/10 MP: 3/3
   257 | D:1      | Reached XP level 2. HP: 15/15 MP: 1/5
   260 | D:1      | Learned a level 2 spell: Searing Ray
  1370 | D:2      | Reached XP level 3. HP: 20/20 MP: 4/6
  1548 | D:2      | Reached skill level 1 in Armour
  1707 | D:2      | Reached skill level 5 in Conjurations
  1887 | D:2      | Reached XP level 4. HP: 24/24 MP: 0/7
  2634 | D:3      | Reached skill level 1 in Fighting
  2634 | D:3      | Reached skill level 1 in Shields
  2724 | D:3      | Reached XP level 5. HP: 28/29 MP: 3/8
  3565 | D:3      | Noticed Jessica
  3580 | D:3      | Killed Jessica
  3745 | D:3      | You fall into a shaft and drop 1 floor!
  3809 | D:4      | Reached XP level 6. HP: 33/34 MP: 3/10
  3843 | D:4      | Noticed a black bear
  3965 | D:3      | Engulfed by a cloud of flame

Illustrated notes

Levels and vault maps discovered:
D:1:      amcnicky_arrival_choice, layout_loops_ring
D:2:      layout_loops_ring, patterned_corridor
D:3:      layout_loops_corners, uniq_jessica, uniq_crazy_yiuf_cottage
D:4:      layout_cave_pods, serial_shops, nicolae_shop_overgrown_old_shop, shop,
          shop, st_stairs_14

Skill      XL: |  1  2  3  4  5 |
---------------+----------------+-----
Armour         | 1 2 |  2.6
Conjurations   | 5 |  5.4
Dodging        | 2 |  2.5
Fighting       | 1 |  1.6
Shields        | 1 |  1.6
Stealth        | |  2.9
Spellcasting   | |  2.7

Action                   |  1- 3 |  4- 6 || total
-------------------------+-------+-------++-------
Melee: Mace              |    54 |    74 ||   128
 Cast: Magic Dart        |    27 |     3 ||    30
       Searing Ray       |     6 |    11 ||    17
  Use: Scroll            |       |     3 ||     3
       Potion            |       |     2 ||     2
 Stab: Sleeping          |       |     4 ||     4
Armor: Robe              |     8 |       ||     8
       Leather armour    |    19 |    49 ||    68
Dodge: Dodged            |    58 |    52 ||   110
Block: Buckler           |     6 |    10 ||    16

Table legend: (Time is in decaauts)
 A = Elapsed time spent in this place.
 B = Non-inter-level travel time spent in this place.
 C = Inter-level travel time spent in this place.
 D = Time resting spent in this place.
 E = Time spent auto-exploring this place.
 F = Levels seen in this place.
 G = Mean time per level.
                   A        B        C        D        E       F      G
               +--------+--------+--------+--------+--------+-----+--------+
         Total |   4021 |   3926 |     95 |    331 |   2940 |   4 | 1005.2 |
       Dungeon |   4021 |   3926 |     95 |    331 |   2940 |   4 | 1005.2 |
               +--------+--------+--------+--------+--------+-----+--------+

Top non-repeatable levels by time:
     D:2: 1324 daAuts
     D:1: 1252 daAuts
     D:3: 1227 daAuts
     D:4: 217 daAuts
